 Dungeon Crawl Stone Soup version 0.29.1-12-g30fa7ad0bf (webtiles) character file.

Game seed: 14907689427826048567

95 kingofthe the Ducker (level 4, -4/24 HPs)
             Began as a Deep Elf Venom Mage on Jan 15, 2023.
             Slain by a gnoll
             ... wielding a +0 club
              (8 damage)
             ... on level 3 of the Dungeon.
             The game lasted 00:07:30 (2978 turns).

kingofthe the Ducker (Deep Elf Venom Mage)          Turns: 2978, Time: 00:07:30

Health: -4/24      AC:  2    Str:  5    XL:     4   Next: 39%
Magic:  1/11       EV: 14    Int: 20    God:
Gold:   179        SH:  0    Dex: 17    Spells: 7/10 levels left

rFire   . . .      SeeInvis .   f - +0 spear
rCold   + . .      Faith    .   (no shield)
rNeg    . . .      Spirit   .   a - +0 robe
rPois   .          Reflect  .   (no helmet)
rElec   .          Harm     .   v - scarf {shadows}
rCorr   .          Rampage  .   (no gloves)
Will    .....                   (no boots)
Stlth   +++.......              (no amulet)
HPRegen 0.08/turn               t - ring of protection from cold
MPRegen 0.12/turn               (no ring)

@: very slightly contaminated
A: no striking features
a: no special abilities


You were on level 3 of the Dungeon.
You visited 1 branch of the dungeon, and saw 3 of its levels.

You collected 179 gold pieces.

Inventory:

Hand Weapons
 c - a +0 dagger
 f - a +0 spear (weapon)
Armour
 a - a +0 robe (worn)
 o - a +0 buckler
 v - a scarf of shadows (worn)
Jewellery
 t - a ring of protection from cold (left hand)
Scrolls
 d - a scroll of silence {unknown}
 g - 4 scrolls of identify {unknown}
 j - a scroll of enchant weapon {unknown}
 l - 2 scrolls of poison {unknown}
 m - a scroll of acquirement {unknown}
 s - a scroll of torment {unknown}
 u - 4 scrolls of teleportation {unknown}
Potions
 b - a potion of magic
 e - 3 potions of brilliance {unknown}
 h - 2 potions of degeneration {unknown}
 i - a potion of curing
 k - a potion of berserk rage {unknown}
 n - a potion of attraction {unknown}
 p - a potion of ambrosia {unknown}
 q - a potion of heal wounds {unknown}
 r - a potion of haste {unknown}


   Skills:
 * Level 4.0 Dodging
 - Level 3.5 Stealth
 + Level 3.8 Spellcasting
 - Level 1.1 Transmutations
 + Level 0.4 Air Magic
 + Level 3.8 Poison Magic


You had 7 spell levels left.
You knew the following spells:

 Your Spells              Type           Power      Damage    Failure   Level
a - Sting                 Tmut/Pois      52%        1d5       4%          1
b - Poisonous Vapours     Pois/Air       24%        N/A       9%          2

Your spell library contained the following spells:

 Spells                   Type           Power      Damage    Failure   Level
 Mephitic Cloud           Conj/Pois/Air  9%         N/A       22%         3
 Olgreb's Toxic Radiance  Pois           19%        N/A       26%         4


Dungeon Overview and Level Annotations

Branches:
Dungeon (3/15)

Altars:


Message History

The gnoll is lightly wounded.
The gnoll closely misses you.
Casting: Sting (safe; 4% risk of failure)
Confirm with . or Enter, or press ? or * to list all spells.
Aiming: Sting (safe; 4% risk of failure)
Press: ? - help, Shift-Dir - straight line, f/p - gnoll
Aim: a gnoll, wielding a +0 spear (moderately wounded, poisoned, 75% to hit)
The sting hits the gnoll.
The gnoll looks even sicker.
The gnoll is severely wounded.
The gnoll hits you from afar with a +0 spear.
Casting: Sting (safe; 4% risk of failure)
Confirm with . or Enter, or press ? or * to list all spells.
Aiming: Sting (safe; 4% risk of failure)
Press: ? - help, Shift-Dir - straight line, f/p - gnoll
Aim: a gnoll, wielding a +0 spear (almost dead, very poisoned, 75% to hit)
The sting hits the gnoll but does no damage.
The gnoll looks even sicker.
The gnoll is almost dead.
You kill the gnoll!
Your Dodging skill increases to level 4!
Casting: Sting (safe; 4% risk of failure)
Confirm with . or Enter, or press ? or * to list all spells.
Aiming: Sting (safe; 4% risk of failure)
Press: ? - help, Shift-Dir - straight line, f - gnoll
Aim: a gnoll, wielding a +0 club (75% to hit)
You miscast Sting.
You are very lightly contaminated with residual magic.
Nothing appears to happen.
The gnoll attacks as you move away! The gnoll hits you with a +0 club.
Casting: Sting (safe; 4% risk of failure)
Confirm with . or Enter, or press ? or * to list all spells.
Aiming: Sting (safe; 4% risk of failure)
Press: ? - help, Shift-Dir - straight line, f/p - gnoll
Aim: a gnoll, wielding a +0 club (75% to hit)
The sting hits the gnoll.
The gnoll is poisoned.
The gnoll is moderately wounded.
The gnoll hits you with a +0 club.
* * * LOW HITPOINT WARNING * * *
The gnoll attacks as you move away! The gnoll hits you with a +0 club!
You die...

... ###### ..# #.....
#####.############ ####.###.
....>##.........# #....#...
...##.........# #.####.#.
######.##.........####.# #.#.
......).)...g@......)..##....#
#####.###.........#######....
... #.........# #.... #.#.
########### ##### ...#. ### #g
.. # . #


You could see a gnoll (poisoned).

Vanquished Creatures
  An orc priest (D:2)
  2 gnolls (D:3)
  A worm (D:2)
  A dart slug (D:1)
  5 orcs (D:2)
  A ball python (D:2)
  4 endoplasms
  A giant cockroach (D:1)
  3 goblins
  3 jackals (D:1)
  2 quokkas (D:1)
  3 bats
  3 frilled lizards
  4 kobolds
  A rat (D:3)
35 creatures vanquished.

Vanquished Creatures (others)
  A fungus (D:1)
  A withered plant (D:1)
2 creatures vanquished.

Grand Total: 37 creatures vanquished

Notes
Turn   | Place    | Note
-------+----------+-------------------------------------------
     0 | D:1      | kingofthe the Deep Elf Venom Mage began the quest for the
                  | Orb.
     0 | D:1      | Reached XP level 1. HP: 10/10 MP: 6/6
   442 | D:1      | Reached XP level 2. HP: 15/15 MP: 2/8
   521 | D:1      | Found a faded altar of an unknown god.
   665 | D:1      | Learned a level 2 spell: Poisonous Vapours
   769 | D:1      | Reached skill level 3 in Dodging
  1771 | D:2      | Reached XP level 3. HP: 4/19 MP: 1/10
  2305 | D:2      | Reached XP level 4. HP: 23/24 MP: 9/11
  2973 | D:3      | Reached skill level 4 in Dodging
  2978 | D:3      | Slain by a gnoll

Illustrated notes

Levels and vault maps discovered:
D:1:      wheals_arrival_linesprint, layout_loops_ring,
          shapermc_ecumenical_altar_gd
D:2:      cheibrodos_pilgrimage, layout_loops_cross
D:3:      layout_basic

Skill      XL: |  1  2  3  4 |
---------------+-------------+-----
Stealth        | 3 |  3.5
Dodging        | 3 4 |  4.0
Spellcasting   | |  3.8
Transmutations | |  1.1
Air Magic      | |  0.4
Poison Magic   | |  3.8

Action                   |  1- 3 |  4- 6 || total
-------------------------+-------+-------++-------
Melee: Dagger            |     3 |       ||     3
       Spear             |     8 |       ||     8
 Cast: Sting             |    45 |    21 ||    66
       Poisonous Vapours |    21 |     6 ||    27
Armor: Robe              |     4 |       ||     4
Dodge: Dodged            |    19 |     2 ||    21
